 Dungeon Crawl Stone Soup version 0.28.0-1-gb440e238dd (webtiles) character file.

Game seed: 7824292746174810560

28424 Fallenstar the Severer (level 13, -8/101 HPs)
             Began as a Minotaur Fighter on Feb 22, 2022.
             Was an Elder of Hepliaklqana.
             Mangled by a ten-headed hydra (9 damage)
             ... on level 3 of the Lair of Beasts.
             The game lasted 01:05:28 (17504 turns).

Fallenstar the Severer (Minotaur Fighter)          Turns: 17504, Time: 01:05:31

Health: -8/101     AC: 21    Str: 31    XL:     13   Next: 9%
Magic:  4/4        EV: 12    Int:  5    God:    Hepliaklqana [****..]
Gold:   766        SH: 19    Dex: 11    Spells: 12/12 levels left

rFire   . . .      SeeInvis .   G - +4 trident (antimagic)
rCold   . . .      Faith    .   n - +2 kite shield {AC+3}
rNeg    . . .      Spirit   .   w - +0 plate armour
rPois   .          Reflect  +   (helmet restricted)
rElec   .          Harm     .   u - +0 cloak
rCorr   .          Rampage  .   (no gloves)
Will    .....                   F - +0 pair of boots
Stlth   ..........              j - amulet of reflection
HPRegen 0.26/turn               k - +4 ring of evasion
MPRegen 0.09/turn               z - +6 ring of strength

@: mighty, about to teleport
A: reduced essence, horns 2, retaliatory headbutt
a: Renounce Religion, Recall Ancestor, Ancestor Identity, Transference, Idealise


You were on level 3 of the Lair of Beasts.
You worshipped Hepliaklqana.
Hepliaklqana was greatly pleased with you.
You visited 3 branches of the dungeon, and saw 15 of its levels.

You collected 886 gold pieces.
You spent 120 gold pieces at shops.

Inventory:

Hand Weapons
 a - a +1 war axe of chaos
 G - a +4 antimagic trident (weapon)
 I - a +0 dire flail
Missiles
 r - 5 throwing nets (quivered)
Armour
 h - a +2 chain mail of cold resistance
 n - a +2 kite shield of protection (worn)
 u - a +0 cloak (worn)
 w - a +0 plate armour (worn)
 F - a +0 pair of boots (worn)
Jewellery
 c - a ring of poison resistance
 j - an amulet of reflection (around neck)
 k - a +4 ring of evasion (left hand)
 z - a +6 ring of strength (right hand)
 B - a ring of see invisible
 E - a ring of resist corrosion
Wands
 i - a wand of polymorph (10)
 o - a wand of iceblast (24)
 p - a wand of paralysis (4)
 q - a wand of charming (14)
 v - a wand of digging (3)
 x - a wand of flame (56)
Scrolls
 b - 2 scrolls of amnesia
 f - 3 scrolls of magic mapping
 l - 4 scrolls of teleportation
 m - a scroll of summoning {unknown}
 t - a scroll of immolation {unknown}
 y - 10 scrolls of identify
 J - a scroll of silence {unknown}
 K - a scroll of holy word
Potions
 d - a potion of might
 e - 2 potions of flight
 g - 2 potions of ambrosia
 s - 7 potions of mutation
 A - 2 potions of curing
 C - 2 potions of haste
 H - a potion of cancellation {unknown}
Miscellaneous
 D - a condenser vane


   Skills:
 + Level 10.1 Fighting
 + Level 15.5(16.3) Axes
 * Level 8.1(12.8) Polearms
 + Level 11.5 Armour
 + Level 4.0 Dodging
 + Level 2.9 Stealth
 + Level 13.4 Shields
 + Level 0.4 Unarmed Combat


You had 12 spell levels left.
You didn't know any spells.
Your spell library contained the following spells:

 Spells                   Type           Power      Damage    Failure   Level
 Inner Flame              Hex/Fire       0%         N/A       100%        3
 Cause Fear               Hex            0%         N/A       100%        4
 Discord                  Hex            0%         N/A       100%        8


Dungeon Overview and Level Annotations

Branches:
Dungeon (11/15)            Temple (1/1) D:7            Lair (3/6) D:9
 Shoals (0/4) Lair:3          Orc (0/2) D:11
  Snake: Lair:2-4    Spider: Lair:2-4

Altars:
Ashenzari
Cheibriados
Dithmenos
Elyvilon
Fedhas
Gozag
Hepliaklqana
Kikubaaqudgha
Makhleb
Nemelex Xobeh
Okawaru
Qazlal
Ru
Sif Muna
Trog
Uskayaw
Vehumet
Wu Jian
Xom
Yredelemnul
Zin
The Shining One
Beogh

Shops:
D:7 ?   D:9 ?

Annotations:
D:9 1 runed translucent door
D:11 3 runed translucent doors, earlgrey's ghost, journeyman TrHu
Lair:3 Loywebes's ghost, journeyman MiFi


Innate Abilities, Weirdness & Mutations

Your life essence is reduced to manifest your ancestor. (-10% HP)
You have a pair of horns on your head.
You reflexively headbutt those who attack you in melee.


Message History

The ten-headed hydra misses you.
You block the ten-headed hydra's attack.
The ten-headed hydra bites you.
* * * LOW HITPOINT WARNING * * *
The ten-headed hydra closely misses you.
You block the ten-headed hydra's attack.
The ten-headed hydra closely misses you.
You block the ten-headed hydra's attack.
The ten-headed hydra misses you.
The ten-headed hydra barely misses you. x2
The ten-headed hydra bites you but does no damage. x2
Cow hits the ten-headed hydra with a +0 dagger of draining!
Cow drains the ten-headed hydra.
You barely miss the ten-headed hydra. You headbutt the ten-headed hydra!
The ten-headed hydra is almost dead.
Okay, then.
As you read the scroll of teleportation, it crumbles to dust.
You feel strangely unstable.
You block the ten-headed hydra's attack. x2
The ten-headed hydra bites you.
* * * LOW HITPOINT WARNING * * *
You block the ten-headed hydra's attack.
The ten-headed hydra barely misses you.
The ten-headed hydra bites you but does no damage.
The ten-headed hydra barely misses you. The ten-headed hydra bites you.
* * * LOW HITPOINT WARNING * * *
You block the ten-headed hydra's attack.
The ten-headed hydra bites you.
* * * LOW HITPOINT WARNING * * *
The ten-headed hydra barely misses you.
The ten-headed hydra bites you but does no damage.
You block the ten-headed hydra's attack.
The ten-headed hydra bites you!
* * * LOW HITPOINT WARNING * * *
The ten-headed hydra bites you.
* * * LOW HITPOINT WARNING * * *
The ten-headed hydra closely misses you.
The ten-headed hydra barely misses you. The ten-headed hydra bites you.
* * * LOW HITPOINT WARNING * * *
The ten-headed hydra bites you!
You die...

#...†####..........PPP...
##...## ##.........P...P.
##....###................
###....................P...
#........................>.
##.....................P....
#.........................PP
###..................P......
#.......D@#..........PP.).
###.....D##...............
##...#R.##..............
###.....R.#R...........
###'''####...........
##.....####.#.#..P#..
#$.....♣#............
#P..)..≈#..#.........
#P....[≈#...#........


You could see the friendly Cow the hexer and 2 ten-headed hydras.

Vanquished Creatures
  Harold (D:8)
  A two-headed ogre (D:11)
  A steelbarb worm (D:11)
  An orc sorcerer (D:11)
  2 cyclopes (D:11)
  Maurice (D:7)
  2 black mambas
  Joseph (D:8)
  A gargoyle (D:10)
  A torpor snail (Lair:3)
  2 komodo dragons
  2 cane toads
  4 kobold demonologists
  A troll (D:11)
  8 blink frogs
  A shadow (D:11)
  2 wraiths (D:11)
  4 wyverns
  28 yaks
  3 fire bats (Lair:2)
  2 basilisks
  3 steam dragons
  3 vampire mosquitoes
  11 wargs
  6 water moccasins
  2 ice beasts
  6 orc warriors
  6 ogres
  3 sky beasts
  A necrophage (D:6)
  12 wolves
  10 centaurs
  9 kobold brigands
  A phantom (D:4)
  7 scorpions
  3 bullfrogs
  2 wyvern zombies (D:5)
  4 gnoll sergeants
  4 water moccasin zombies
  A water moccasin skeleton (D:3)
  4 killer bees
  5 wights (D:9)
  3 electric eels
  2 howler monkeys (D:11)
  A bullfrog zombie (D:5)
  6 centaur zombies
  14 orc priests
  2 jellies
  2 gnoll shamans (D:11)
  4 bullfrog skeletons
  A centaur skeleton (D:7)
  Jessica (D:3)
  Natasha (thrice) (D:2)
  Terence (D:3)
  3 iguanas
  8 orc wizards
  A scorpion zombie (D:5)
  A hound skeleton (D:5)
  13 gnolls
  4 adders
  4 white imps
  2 adder skeletons (D:4)
  2 worms (D:2)
  3 dart slugs
  18 orcs
  An endoplasm (D:4)
  5 giant cockroaches
  4 hobgoblins
  4 jackals (D:4)
  20 kobolds
  4 quokkas
  7 ball pythons
  6 bats
  3 frilled lizards
  4 goblins
  2 rats (D:2)
  A butterfly (D:9)
332 creatures vanquished.

Vanquished Creatures (collateral kills)
  Fannar (Lair:3)
  A hydra (Lair:2)
  A centaur zombie (D:11)
  A kobold demonologist (D:11)
  A komodo dragon (Lair:3)
  A troll (D:11)
  2 yaks
  A basilisk (Lair:1)
  3 wargs
  4 wolves (Lair:3)
  2 centaurs
  2 howler monkeys (D:11)
  An electric eel (D:9)
  An orc priest (D:11)
  A gnoll shaman (D:11)
  2 orc wizards
  A giant cockroach (D:9)
26 creatures vanquished.

Vanquished Creatures (others)
  2 hexers
  An ancestor (D:9)
  5 fungi
  12 plants
20 creatures vanquished.

Grand Total: 378 creatures vanquished

Notes
Turn   | Place    | Note
-------+----------+-------------------------------------------
     0 | D:1      | Fallenstar the Minotaur Fighter began the quest for the
                  | Orb.
     0 | D:1      | Reached XP level 1. HP: 19/19 MP: 0/0
   375 | D:1      | Reached XP level 2. HP: 21/27 MP: 1/1
   722 | D:1      | Found a faded altar of an unknown god.
  1249 | D:2      | Noticed Natasha
  1257 | D:2      | Killed Natasha
  1258 | D:2      | Reached skill level 3 in Axes
  1258 | D:2      | Reached XP level 3. HP: 16/33 MP: 2/2
  1583 | D:2      | Reached XP level 4. HP: 39/40 MP: 3/3
  1783 | D:2      | Noticed Natasha
  1787 | D:2      | Killed Natasha
  1969 | D:2      | Noticed Natasha
  1973 | D:2      | Killed Natasha
  1974 | D:2      | Reached skill level 5 in Armour
  2130 | D:3      | Noticed Jessica
  2136 | D:3      | Killed Jessica
  2137 | D:3      | Reached XP level 5. HP: 33/46 MP: 4/4
  2240 | D:3      | Reached skill level 4 in Axes
  2240 | D:3      | Reached skill level 1 in Dodging
  2270 | D:3      | Noticed Terence
  2275 | D:3      | Killed Terence
  2326 | D:3      | Found an ornate altar of the Wu Jian Council.
  2843 | D:4      | Noticed an ogre
  2853 | D:4      | Killed an ogre
  2854 | D:4      | Reached skill level 5 in Axes
  2854 | D:4      | Reached XP level 6. HP: 53/53 MP: 5/5
  3355 | D:4      | Reached XP level 7. HP: 60/60 MP: 6/6
  3867 | D:5      | Entered Level 5 of the Dungeon
  3905 | D:5      | Reached skill level 6 in Axes
  3905 | D:5      | Reached skill level 5 in Shields
  3938 | D:5      | Reached skill level 5 in Fighting
  4164 | D:5      | Reached skill level 1 in Stealth
  4646 | D:5      | Reached XP level 8. HP: 13/69 MP: 7/7
  5437 | D:5      | Reached skill level 7 in Axes
  5499 | D:5      | Found an iron altar of Okawaru.
  6405 | D:6      | Reached skill level 8 in Axes
  6515 | D:6      | Found a blossoming altar of Fedhas.
  7153 | D:7      | Found a shimmering blue altar of Sif Muna.
  7181 | D:7      | Reached XP level 9. HP: 60/75 MP: 8/8
  7514 | D:7      | Found Neqafergh's Magic Scroll Emporium.
  7561 | D:7      | Reached skill level 9 in Axes
  7667 | D:7      | Found a staircase to the Ecumenical Temple.
  7675 | Temple   | Entered the Ecumenical Temple
  7729 | Temple   | Became a worshipper of Hepliaklqana the Forgotten
  8220 | D:8      | Reached skill level 10 in Axes
  8327 | D:8      | Noticed Harold
  8342 | D:8      | Killed Harold
  8417 | D:8      | Noticed Joseph
  8429 | D:8      | Killed Joseph
  8430 | D:8      | Reached XP level 10. HP: 77/84 MP: 9/9
  8522 | D:8      | Noticed Maurice
  8537 | D:7      | Reached skill level 11 in Axes
  8568 | D:8      | Paralysed by Maurice for 2 turns
  8582 | D:7      | Paralysed by something for 3 turns
  8600 | D:7      | Killed Maurice
  8698 | D:8      | Found a broken altar of Ashenzari.
  8698 | D:8      | Found a stormy altar of Qazlal.
  8799 | D:8      | Reached skill level 12 in Axes
  8889 | D:8      | Found a glowing silver altar of Zin.
 10395 | D:9      | Reached skill level 10 in Shields
 10422 | D:9      | Reached skill level 13 in Axes
 10422 | D:9      | Reached XP level 11. HP: 83/94 MP: 10/10
 10464 | D:9      | Found a bloodstained altar of Trog.
 10490 | D:9      | Found Jatoh's Magic Scroll Shoppe.
 10497 | D:9      | Bought a scroll of identify for 24 gold pieces
 10497 | D:9      | Bought a scroll of identify for 24 gold pieces
 10497 | D:9      | Bought a scroll of identify for 24 gold pieces
 10497 | D:9      | Bought a scroll of identify for 24 gold pieces
 10497 | D:9      | Bought a scroll of identify for 24 gold pieces
 10552 | D:9      | Reached * piety under Hepliaklqana
 10880 | D:9      | Found a staircase to the Lair.
 11148 | D:9      | Found a runed translucent door.
 11150 | D:9      | Found a runed translucent door.
 11303 | Lair:1   | Entered Level 1 of the Lair of Beasts
 11810 | Lair:1   | Reached skill level 10 in Armour
 11811 | Lair:1   | Reached ** piety under Hepliaklqana
 11812 | Lair:1   | Remembered your ancestor Cow as a hexer
 11925 | Lair:1   | Reached skill level 14 in Axes
 12133 | D:10     | Entered Level 10 of the Dungeon
 12783 | D:10     | Found a sacrificial altar of Ru.
 13404 | D:11     | Found a staircase to the Orcish Mines.
 13474 | D:11     | Found a runed translucent gate.
 13475 | D:11     | Found a runed translucent gate.
 13475 | D:11     | Noticed earlgrey's ghost (journeyman TrHu)
 13476 | D:11     | Found a runed translucent gate.
 13485 | D:11     | Identified the +8 chain mail "Ryijog" {Rampage rCorr Str+3
                  | Int+4}
 13546 | D:11     | Reached *** piety under Hepliaklqana
 13587 | D:11     | Found a glowing silver altar of Zin.
 13757 | D:11     | Reached XP level 12. HP: 86/93 MP: 11/11
 13779 | D:11     | Reached skill level 15 in Axes
 14041 | D:11     | Noticed a two-headed ogre
 14053 | D:11     | a two-headed ogre changed into a steelbarb worm
 14687 | D:11     | Reached skill level 1 in Polearms
 14738 | D:11     | Noticed a two-headed ogre
 14850 | D:11     | Killed a two-headed ogre
 15192 | Lair:2   | Noticed an eight-headed hydra
 15201 | Lair:2   | Killed an eight-headed hydra
 16193 | Lair:2   | Reached skill level 5 in Polearms
 16480 | Lair:3   | Found a staircase to the Shoals.
 16487 | Lair:3   | Reached skill level 10 in Fighting
 16668 | Lair:3   | Noticed Fannar
 16885 | Lair:3   | Killed Fannar
 16934 | Lair:3   | Reached XP level 13. HP: 97/101 MP: 4/12
 16959 | Lair:3   | Reached **** piety under Hepliaklqana
 17333 | Lair:3   | Found a runed translucent gate.
 17333 | Lair:3   | Found a runed translucent gate.
 17333 | Lair:3   | Found a runed translucent gate.
 17335 | Lair:3   | Noticed Loywebes's ghost (journeyman MiFi)
 17504 | Lair:3   | HP: 3/101 [ten-headed hydra (5)]
 17504 | Lair:3   | HP: 1/101 [ten-headed hydra (2)]
 17504 | Lair:3   | Mangled by a ten-headed hydra

Illustrated notes

Levels and vault maps discovered:
D:1:      dpeg_arrival_simpleton_b, layout_basic,
          shapermc_ecumenical_altar_ellora
D:2:      layout_basic, uniq_natasha
D:3:      layout_basic, nicolae_wu_jian_immortal_techniques,
          chequers_serial_rivers_room_a, uniq_jessica, uniq_terence
D:4:      layout_gridville
D:5:      layout_layer_cave, lemuel_round_altar, serial_undead, serial_undead_e,
          serial_undead_e, serial_undead_c, serial_undead_d,
          chequers_serial_rivers_small_b, chequers_decorated_corner
D:6:      layout_basic, mainiacjoe_overflow_alcove_1, chequers_avenue
D:7:      layout_basic, nicolae_sif_muna_little_library,
          minmay_temple_entry_junction, serial_shops, nicolae_take_the_stairs
D:8:      layout_cave_pools, mainiacjoe_overflow_brackets,
          gammafunk_temple_overflow_wave, nrook_mini_vaults, uniq_maurice,
          uniq_harold, uniq_joseph
D:9:      lemuel_insect_pit, layout_basic, trog_antimagical,
          erik_lair_orcish_takeover, serial_shops,
          nicolae_shop_advertising_works [nicolae_subvault_shop_adworks],
          minmay_misc_feat_x
D:10:     layout_basic, marbit_many_paths
D:11:     lemuel_castle_with_subvaults [lemuel_castle_interior_carwin_3],
          layout_irregular_city, erik_orc_3, biasface_ghost_orc_armoury,
          zin_statuary
Temple:   dshaligram_water_room_temple
Lair:1:   layout_regular_city, minivault_19
Lair:2:   layout_loops_ring, nicolae_volcano_entry_batcave, serial_bayou_shore_a
Lair:3:   layout_gridlike, minmay_shoals_entry_centaurs,
          gammafunk_ghost_hydra_chop, lemuel_fruit_fields, grunt_megastairs_1,
          uniq_fannar

Skill      XL: |  1  2  3  4  5  6  7  8  9 10 11 12 13 |
---------------+----------------------------------------+-----
Armour         | 4 5 6 7 8 9 10 11 | 11.5
Shields        | 4 5 6 9 10 12 13 | 13.4
Fighting       | 4 5 6 8 9 10 | 10.1
Axes           | 3 5 6 8 10 13 14 15 | 15.5
Dodging        | 1 3 4 |  4.0
Stealth        | 1 2 |  2.9
Polearms       | 7 8 |  8.1
Unarmed Combat | |  0.4

Action                   |  1- 3 |  4- 6 |  7- 9 | 10-12 | 13-15 || total
-------------------------+-------+-------+-------+-------+-------++-------
Melee: War axe           |    60 |    80 |   279 |   485 |       ||   904
       Headbutt          |     8 |    12 |    63 |   131 |     9 ||   223
       Unarmed           |       |     4 |       |       |       ||     4
       Trident           |       |       |       |   201 |    43 ||   244
Invok: Ancestor Life: He |       |       |       |     1 |       ||     1
       Ancestor Identity |       |       |       |     1 |       ||     1
       Recall Ancestor   |       |       |       |     1 |       ||     1
  Use: Scroll            |     4 |     5 |     8 |     8 |     1 ||    26
       Potion            |     1 |     1 |     3 |     1 |     1 ||     7
 Stab: Confused          |       |       |       |     7 |       ||     7
       Paralysed         |       |       |       |     1 |       ||     1
       Distracted        |       |       |       |     3 |       ||     3
Armor: Scale mail        |    26 |    10 |    54 |       |       ||    90
       Plate armour      |       |       |    43 |   148 |    31 ||   222
Dodge: Dodged            |    25 |    41 |   101 |   164 |    26 ||   357
Block: Buckler           |    13 |    31 |       |       |       ||    44
       Kite shield       |       |     5 |   224 |   519 |    58 ||   806
       Reflection        |       |       |    10 |    23 |       ||    33
